 Dungeon Crawl Stone Soup version 0.28-a0-1435-g82390b3a13 (webtiles) character file.

Game seed: 17447110797532779561

831 porpoise the Skirmisher (level 7, 0/58 HPs)
             Began as a Demonspawn Brigand on Jan 10, 2022.
             Slain by a hornet (11 damage)
             ... while paralysed by a hornet
             ... on level 5 of the Dungeon.
             The game lasted 00:14:49 (5382 turns).

porpoise the Skirmisher (Demonspawn Brigand)        Turns: 5382, Time: 00:14:49

Health: 0/58       AC:  7    Str: 14    XL:     7   Next: 65%
Magic:  16/16      EV:  2    Int: 15    God:
Gold:   195        SH:  0    Dex: 14    Spells: 6/6 levels left

rFire   . . .      SeeInvis .   a - +7 sceptre of Torment {pain, torment}
rCold   + . .      Faith    .   (no shield)
rNeg    . . .      Spirit   .   B - +2 robe {rC+}
rPois   +          Reflect  .   (no helmet)
rElec   .          Harm     .   i - +0 cloak
rCorr   +          Rampage  .   w - +0 pair of gloves
Will    .....                   b - +0 pair of boots
Stlth   +++.......              (no amulet)
HPRegen 0.19/turn               c - ring "Bibaohiry" {rPois rCorr MP+9 Int+3}
MPRegen 0.15/turn               (no ring)

@: paralysed, slowed
A: ignite blood 3, demonic touch 2
a: no special abilities


You were on level 5 of the Dungeon.
You visited 1 branch of the dungeon, and saw 5 of its levels.

You collected 195 gold pieces.

Inventory:

Hand Weapons
 a - the +7 sceptre of Torment (weapon) {pain, torment}
   (You found it on level 2 of the Dungeon)

   In the hands of one skilled in necromantic magic, it inflicts extra damage on
   living creatures.
   It occasionally torments all nearby living foes when it strikes in combat.
 l - a +2 dagger
Missiles
 d - 8 poisoned darts (quivered)
 e - 2 curare-tipped darts
 f - 117 stones
 h - 27 bolts
 s - 51 arrows
 t - 52 sling bullets
Armour
 b - a +0 pair of boots (worn)
 i - a +0 cloak (worn)
 r - the +4 chain mail "Usaz" {Fly}
   (You found it on level 2 of the Dungeon)

   Fly:       It grants you flight.
 w - a +0 pair of gloves (worn)
 B - a +2 robe of cold resistance (worn)
Jewellery
 c - the ring "Bibaohiry" (left hand) {rPois rCorr MP+9 Int+3}
   (You acquired it on level 5 of the Dungeon)

   [ring of poison resistance]

   Int:       It affects your intelligence (+3).
   rPois:     It protects you from poison.
   MP:        It affects your magic capacity (+9).
   rCorr:     It protects you from acid and corrosion.
Wands
 z - a wand of charming (2)
Scrolls
 k - a scroll of holy word {unknown}
 n - a scroll of silence {unknown}
 o - a scroll of immolation {unknown}
 u - a scroll of fear
 y - a scroll of noise {unknown}
 A - a scroll of vulnerability {unknown}
 C - a scroll of magic mapping {unknown}
 D - a scroll of teleportation {unknown}
 E - a scroll of amnesia
Potions
 g - 2 potions of curing
 j - 3 potions of haste
 m - a potion of lignification
 p - a potion of mutation {unknown}
 q - a potion of berserk rage {unknown}
 v - a potion of brilliance {unknown}
 x - a potion of might {unknown}


   Skills:
 * Level 6.0 Fighting
 - Level 2.0 Short Blades
 * Level 4.4 Maces & Flails
 - Level 1.7 Throwing
 - Level 0.8 Dodging
 - Level 3.9 Stealth
 + Level 3.7 Necromancy


You had 6 spell levels left.
You didn't know any spells.
Your spell library contained the following spells:

 Spells                   Type           Power      Damage    Failure   Level
 Freeze                   Ice            0%         1d3       26%         1
 Frozen Ramparts          Ice            0%         1d2       63%         3
 Hailstorm                Conj/Ice       0%         3d3       95%         4


Dungeon Overview and Level Annotations

Branches:
Dungeon (5/15)
 Temple: D:4-7

Altars:
Ashenzari
Fedhas
Hepliaklqana
Makhleb
Okawaru
Vehumet
The Shining One

Annotations:
D:3 2 runed translucent doors, awesomeguy42's ghost, weakling HuNe


Innate Abilities, Weirdness & Mutations

Your demonic aura causes all spilled blood to erupt in flames.
Your touch may inflict irresistible damage on your foes.


Message History

A hornet and a phantom come into view.
Found a scroll labelled YGUDWA DORIAR and a green potion.
The hornet buzzes angrily.
There is an open door here.
There are monsters nearby!
You see here 8 gold pieces.
You now have 176 gold pieces (gained 8).
A phantom opens the door.
You see here 19 gold pieces.
You now have 195 gold pieces (gained 19).
You bludgeon the hornet!!
The hornet is severely wounded.
The hornet stings you. x2
You closely miss the hornet.
The hornet is severely wounded.
The hornet stings you but does no damage.
The hornet stings you!
The hornet stings you but does no damage.
You hit the hornet. Your touch misses the hornet. Your punch misses the hornet.
The hornet is severely wounded.
The hornet stings you! x2
* * * LOW HITPOINT WARNING * * *
You feel yourself slow down.
A shadow imp comes into view.
You feel yourself speed up. The hornet barely misses you. x2
You barely miss the hornet.
The hornet is severely wounded.
The hornet closely misses you.
You feel better.
The shadow imp shouts, "Turn tail, thou bootless clay-brained dingleberry!"
The hornet completely misses you. The hornet stings you.
* * * LOW HITPOINT WARNING * * *
You suddenly lose the ability to move!
The hornet stings you.
* * * LOW HITPOINT WARNING * * *
You feel yourself slow down.
The hornet stings you but does no damage.
The hornet stings you!
You die...

+........ ... #.......#
.... #......5##......
#.............. ...#
#...#######...! ### ....#
#...#....$#.... .. ....#
#...#.[.$.#.... # ....#
#'.#@W_..#.### #####....#
#..#°y...#.... ##.......#
#..#.....#....
##.......####..###'###....
''<........##.............
##...####..##.######......
.#.........#.......+.?....
.#.#.#.#...#..######......
.#.#.###.#.#....†......#..


You could see a hornet, a phantom and a shadow imp.

Vanquished Creatures
  Pikel (D:4)
  2 lemures
  A hound (D:5)
  A jelly (D:5)
  A bullfrog skeleton (D:3)
  Crazy Yiuf (D:2)
  Jessica (D:2)
  2 orc wizards
  An iguana (D:5)
  4 gnolls
  5 adders
  A worm (D:4)
  A dart slug (D:4)
  8 orcs
  5 ball pythons
  10 endoplasms
  5 giant cockroaches
  8 goblins
  8 hobgoblins
  4 jackals (D:4)
  A quokka (D:1)
  5 bats
  4 frilled lizards
  5 kobolds
  6 rats
91 creatures vanquished.

Notes
Turn   | Place    | Note
-------+----------+-------------------------------------------
     0 | D:1      | porpoise the Demonspawn Brigand began the quest for the
                  | Orb.
     0 | D:1      | Reached XP level 1. HP: 16/16 MP: 1/1
   142 | D:1      | Gained mutation: Your touch may inflict minor irresistible
                  | damage on your foes. [demonic ancestry]
   142 | D:1      | Reached XP level 2. HP: 13/23 MP: 2/2
   890 | D:1      | Reached skill level 3 in Fighting
   928 | D:2      | Gained mutation: Your demonic aura sometimes causes spilled
                  | blood to erupt in flames. [demonic ancestry]
   928 | D:2      | Reached XP level 3. HP: 29/29 MP: 3/3
   989 | D:2      | Found the +7 sceptre of Torment {pain, torment}
   990 | D:2      | Noticed Jessica
  1021 | D:2      | Killed Jessica
  1399 | D:2      | Reached skill level 1 in Maces & Flails
  1399 | D:2      | Gained mutation: Your demonic aura often causes spilled
                  | blood to erupt in flames. [demonic ancestry]
  1399 | D:2      | Reached XP level 4. HP: 35/35 MP: 4/4
  1464 | D:2      | Found a burning altar of Makhleb.
  1482 | D:2      | Reached skill level 1 in Necromancy
  1704 | D:2      | Found a runed translucent door.
  1705 | D:2      | Noticed Crazy Yiuf
  1713 | D:2      | Killed Crazy Yiuf
  2093 | D:2      | Identified the +4 chain mail "Usaz" {Fly}
  2340 | D:3      | Found a large runed translucent door.
  2341 | D:3      | Found a large runed translucent door.
  2342 | D:3      | Noticed awesomeguy42's ghost (weakling HuNe)
  2365 | D:3      | Found a faded altar of an unknown god.
  2383 | D:3      | Reached XP level 5. HP: 18/42 MP: 5/5
  2386 | D:3      | Reached skill level 4 in Fighting
  2652 | D:3      | Found a blossoming altar of Fedhas.
  2875 | D:3      | Found an iron altar of Okawaru.
  3117 | D:3      | Found a hazy altar of Hepliaklqana.
  3555 | D:4      | Found a burning altar of Makhleb.
  3730 | D:4      | Noticed a lemure
  3730 | D:4      | Noticed a lemure
  3751 | D:3      | Killed a lemure
  3757 | D:4      | Killed a lemure
  3799 | D:4      | Noticed Pikel
  3803 | D:4      | Noticed a lemure
  3805 | D:4      | Noticed a lemure
  3809 | D:4      | Killed Pikel
  3810 | D:4      | Reached skill level 5 in Fighting
  3810 | D:4      | Gained mutation: Your demonic aura causes all spilled blood
                  | to erupt in flames. [demonic ancestry]
  3810 | D:4      | Reached XP level 6. HP: 36/51 MP: 6/6
  3810 | D:4      | Gained mutation: Your touch may inflict irresistible damage
                  | on your foes. [demonic ancestry]
  3810 | D:4      | Reached XP level 7. HP: 40/56 MP: 7/7
  4879 | D:4      | Found a radiant altar of Vehumet.
  5002 | D:5      | Entered Level 5 of the Dungeon
  5023 | D:5      | Identified a scroll of acquirement
  5023 | D:5      | Acquired the ring "Bibaohiry" {rPois rCorr MP+9 Int+3}
  5088 | D:5      | Found a broken altar of Ashenzari.
  5359 | D:5      | Reached skill level 6 in Fighting
  5368 | D:5      | Noticed a hornet
  5380 | D:5      | Paralysed by a hornet for 3 turns
  5382 | D:5      | Slain by a hornet

Illustrated notes

Levels and vault maps discovered:
D:1:      psy_arrival_fountain, layout_loops_ring, hex_medium,
          serial_bayou_pond_d, serial_bayou_pond_e
D:2:      layout_rooms, basic_altar, nrook_mini_backslash,
          uniq_crazy_yiuf_cottage, uniq_jessica
D:3:      layout_loops_corners, fedhas_altar_2,
          mainiacjoe_overflow_catch_the_wave, ebering_ghost_disaster_area,
          hellmonk_ecumenical_altar_run_dry
D:4:      layout_cave_pools, mainiacjoe_overflow_tiny_flanked,
          nicolae_vehumet_altar_sigil, serial_glass, glass_columns_a,
          glass_columns_b, chequers_serial_rivers_marsh, uniq_pikel
D:5:      layout_basic, overflow_temple_1_default, amcnicky_altar_gilded,
          minmay_temple_entry_statues_fountains, serial_shops,
          nicolae_shop_advertising_works [nicolae_subvault_shop_adworks]

Skill      XL: |  1  2  3  4  5  6  7 |
---------------+----------------------+-----
Short Blades   | 2 |  2.0
Fighting       | 3 5 6 |  6.0
Maces & Flails | 1 3 4 |  4.4
Necromancy     | 1 3 |  3.7
Throwing       | |  1.7
Dodging        | |  0.8
Stealth        | |  3.9

Action                   |  1- 3 |  4- 6 |  7- 9 || total
-------------------------+-------+-------+-------++-------
Melee: Dagger            |    47 |       |       ||    47
       Punch             |     1 |       |       ||     1
       Touch             |     4 |     7 |     7 ||    18
       Eveningstar       |    10 |    67 |    51 ||   128
Throw: Dart              |       |     2 |       ||     2
  Use: Scroll            |       |     2 |     5 ||     7
       Potion            |       |       |     1 ||     1
 Stab: Sleeping          |    11 |     4 |       ||    15
       Distracted        |     1 |       |     1 ||     2
Armor: Robe              |     7 |       |    22 ||    29
       Leather armour    |     4 |    20 |     1 ||    25
Dodge: Dodged            |    36 |    37 |    42 ||   115

Table legend: (Time is in decaauts)
 A = Elapsed time spent in this place.
 B = Non-inter-level travel time spent in this place.
 C = Inter-level travel time spent in this place.
 D = Time resting spent in this place.
 E = Time spent auto-exploring this place.
 F = Levels seen in this place.
 G = Mean time per level.
                   A        B        C        D        E       F      G
               +--------+--------+--------+--------+--------+-----+--------+
         Total |   5429 |   5260 |    169 |   2116 |   2283 |   5 | 1085.8 |
       Dungeon |   5429 |   5260 |    169 |   2116 |   2283 |   5 | 1085.8 |
               +--------+--------+--------+--------+--------+-----+--------+

Top non-repeatable levels by time:
     D:3: 1621 daAuts
     D:2: 1381 daAuts
     D:4: 1125 daAuts
     D:1: 919 daAuts
     D:5: 381 daAuts
